 Dungeon Crawl Stone Soup version 0.26-a0-664-gc8b27b8fc1 (webtiles) character file.

Game seed: 147296964304776609

9235 Notrik the Fighter (level 11, -27/110 HPs)
             Began as a Hill Orc Fighter on Oct 13, 2020.
             Was a Priest of the Shining One.
             Annihilated by a boulder beetle (47 damage)
             ... on level 11 of the Dungeon.
             The game lasted 00:21:19 (12623 turns).

Notrik the Fighter (Hill Orc Fighter)              Turns: 12623, Time: 00:21:20

Health: -27/110    AC: 18    Str: 23    XL:     11   Next: 43%
Magic:  14/14      EV:  5    Int:  8    God:    the Shining One [***...]
Gold:   393        SH: 11    Dex: 10    Spells: 10/10 levels left

rFire    . . .     SeeInvis .   M - +6 war axe (freeze)
rCold    . . .     Faith    .   P - +0 kite shield
rNeg     + . .     Spirit   .   w - +1 plate armour
rPois    +         Reflect  .   s - +0 helmet
rElec    .         Harm     .   (no cloak)
rCorr    .         Rampage  .   E - +0 pair of gloves
MR       .....                  h - +0 pair of boots
Stlth    ..........             (no amulet)
HPRegen  0.28/turn              i - ring of poison resistance
MPRegen  0.14/turn              p - +4 ring of slaying

@: glowing
A: no striking features
a: Divine Shield, Renounce Religion


You were on level 11 of the Dungeon.
You worshipped the Shining One.
The Shining One was most pleased with you.
You visited 1 branch of the dungeon, and saw 11 of its levels.
You visited 1 bazaar.
You also visited: Ossuary.

You collected 814 gold pieces.
You spent 421 gold pieces at shops.

Inventory:

Hand Weapons
 M - a +6 war axe of freezing (weapon)
   (You bought it in a shop in a bazaar)
Armour
 h - a +0 pair of boots (worn)
   (You found it on level 2 of the Dungeon)
 s - a +0 helmet (worn)
   (You took it off Robin on level 3 of the Dungeon)
 w - a +1 plate armour (worn)
   (You found it on level 4 of the Dungeon)
 E - a +0 pair of gloves (worn)
   (You found it on level 6 of the Dungeon)
 K - +0 ice dragon scales
   (You found it on level 8 of the Dungeon)
 P - a +0 kite shield (worn)
Jewellery
 i - a ring of poison resistance (left hand)
   (You found it on level 2 of the Dungeon)
 p - a +4 ring of slaying (right hand)
   (You found it on level 2 of the Dungeon)
 q - an uncursed ring of stealth
   (You found it on level 2 of the Dungeon)
 y - an uncursed ring of wizardry {unknown}
   (You found it on level 5 of the Dungeon)
 z - a cursed ring of teleportation {unknown}
   (You found it on level 6 of the Dungeon)
 O - an uncursed ring of resist corrosion {unknown}
   (You found it on level 9 of the Dungeon)
 T - an uncursed ring of fire {unknown}
   (You found it on level 10 of the Dungeon)
Wands
 c - a wand of disintegration (8)
   (You found it on level 10 of the Dungeon)
 t - a wand of flame (15)
   (You took it off Blork the orc on level 6 of the Dungeon)
 v - a wand of digging (4)
   (You took it off a big kobold on level 8 of the Dungeon)
 x - a wand of acid (4)
   (You took it off a wight on level 6 of the Dungeon)
 S - a wand of enslavement (5)
   (You found it on level 10 of the Dungeon)
Scrolls
 g - 5 scrolls of remove curse {@r2}
 k - 5 scrolls of identify {@r1}
 m - 2 scrolls of blinking
 n - 5 scrolls of teleportation {@r4}
 o - a scroll of fog {unknown}
 A - 2 scrolls of immolation {!r}
 C - 6 scrolls of enchant armour
 G - a scroll of noise {unknown}
 H - 2 scrolls of amnesia
 I - a scroll of enchant weapon
 J - a scroll of acquirement {unknown}
Potions
 b - a potion of ambrosia {unknown}
 d - 2 potions of might
 e - 3 potions of degeneration {!q}
 f - 6 potions of curing {unknown}
 j - 2 potions of haste {@q3}
 l - 4 potions of brilliance
 r - 3 potions of mutation {!q}
 u - 3 potions of stabbing
 B - 2 potions of invisibility
 D - a potion of lignification {unknown}
 F - a potion of heal wounds {unknown}
 L - a potion of berserk rage {unknown}
 N - a potion of cancellation {unknown}
 Q - 2 potions of flight {unknown}
 R - 2 potions of resistance {unknown}


   Skills:
 + Level 14.2 Fighting
 + Level 12.2 Axes
 + Level 6.9 Armour
 + Level 6.9 Shields
 + Level 4.1 Invocations


You had 10 spell levels left.
You didn't know any spells.
Your spell library contained the following spells:

 Spells                   Type           Power        Failure   Level
 Corona                   Hex            #......      100%        1
 Magic Dart               Conj           #...         100%        1
 Blink                    Tloc           N/A          100%        2
 Call Imp                 Summ           #.......     100%        2
 Ensorcelled Hibernation  Hex/Ice        #.....       100%        2
 Slow                     Hex            #.......     100%        2
 Confusing Touch          Hex            #.......     100%        3
 Conjure Flame            Conj/Fire      #.......     100%        3
 Dazzling Flash           Conj/Hex       #.....       100%        3
 Inner Flame              Hex/Fire       #.......     100%        3
 Mephitic Cloud           Conj/Pois/Air  #.......     100%        3
 Portal Projectile        Hex/Tloc       #.....       100%        3
 Tukima's Dance           Hex            #.......     100%        3
 Cause Fear               Hex            #.........   100%        4
 Ice Form                 Ice/Tmut       #.......     100%        4
 Leda's Liquefaction      Hex/Erth       #.........   100%        4
 Metabolic Englaciation   Hex/Ice        #.........   100%        5
 Freezing Cloud           Conj/Ice/Air   #.........   100%        6
 Ozocubu's Refrigeration  Ice            #.........   100%        6
 Simulacrum               Ice/Necr       #.........   100%        6


Dungeon Overview and Level Annotations

Branches:
Dungeon (11/15)            Temple (0/1) D:7            Lair (0/6) D:8
    Orc (0/2) D:11        Ossuary (visited)

Altars:
Fedhas
Qazlal
Trog
Wu Jian
Xom
Yredelemnul
Zin
The Shining One


Message History

There is a stone staircase leading up here.
You can't go down here!
A boulder beetle comes into view.
A boulder beetle is nearby!
No target in view!
No target in view!
No target in view!
No target in view!
No target in view!
No target in view!
No target in view!
No target in view!
No target in view!
A boulder beetle is nearby!
You completely miss the boulder beetle. The boulder beetle bites you!
You hit the boulder beetle. You freeze the boulder beetle.
You block the boulder beetle's attack.
You hit the boulder beetle. You freeze the boulder beetle.
The boulder beetle bites you!!
You hit the boulder beetle. You freeze the boulder beetle.
The boulder beetle bites you but does no damage.
You hit the boulder beetle. You freeze the boulder beetle.
You block the boulder beetle's attack.
You slash the boulder beetle! You freeze the boulder beetle.
The boulder beetle bites you!!
You hit the boulder beetle. You freeze the boulder beetle.
You block the boulder beetle's attack.
You hit the boulder beetle but do no damage.
You block the boulder beetle's attack.
You slash the boulder beetle! You freeze the boulder beetle.
The boulder beetle bites you!
* * * LOW HITPOINT WARNING * * *
The boulder beetle blinks!
The boulder beetle blinks!
The boulder beetle blinks!
You start resting.
A boulder beetle is nearby!
The boulder beetle curls into a ball and begins rolling!
The boulder beetle hits you but does no damage.
The boulder beetle stops rolling and uncurls.
The boulder beetle bites you!
* * * LOW HITPOINT WARNING * * *
The boulder beetle curls into a ball and begins rolling!
The boulder beetle hits you!!
* * * LOW HITPOINT WARNING * * *
The boulder beetle stops rolling and uncurls.
The boulder beetle curls into a ball and begins rolling!
There is a stone staircase leading up here.
The boulder beetle hits you!!!
You die...

..........#######....##....#.....
..........# #...#.########.#.....
.....^....# #...#..........#.....
..|.......###...############....>
................#######.......#..
..........##..................#..
..........##..................##.
..........##..................##.
..........##....@B○..............
..........###.........)........##
..........# ####.....).........#
..........# ########........#
########### #........# #.......##
#.......# #.......# #########


You could see a boulder beetle.

Vanquished Creatures
  Fannar (D:11)
  A two-headed ogre (D:10)
  Nergalle (D:11)
  A centaur skeleton (D:11)
  A gargoyle (D:10)
  A komodo dragon (D:8)
  Eustachio (D:6)
  3 yaks (D:9)
  5 orc warriors
  4 ice beasts
  3 sky beasts
  5 black bears
  A necrophage (D:10)
  4 ogres
  A phantom (D:10)
  7 centaurs
  A big kobold (D:8)
  Blork the orc (D:6)
  An elf zombie (Ossuary)
  4 bullfrogs
  A wyvern skeleton (D:10)
  2 scorpions
  5 killer bees (D:8)
  10 wights
  4 howler monkeys
  2 jellies
  2 bullfrog zombies
  7 hounds
  A quasit (D:8)
  A centaur zombie (Ossuary)
  3 human zombies (Ossuary)
  13 orc wizards
  3 orc priests
  4 bullfrog skeletons
  2 iguanas
  8 worker ants
  2 killer bee zombies
  4 big kobold zombies (Ossuary)
  A hound skeleton (D:4)
  3 hound zombies
  4 mummies
  A worker ant zombie (D:11)
  Robin (D:3)
  4 gnolls (D:11)
  A howler monkey zombie (D:8)
  16 adders
  A shadow imp (D:8)
  2 white imps (D:9)
  An ufetubus (D:10)
  2 oozes
  An adder skeleton (D:6)
  3 adder zombies (Ossuary)
  4 worms
  3 leopard geckos
  26 orcs
  6 giant cockroaches
  24 goblins
  13 hobgoblins
  4 jackals (D:5)
  7 quokkas
  3 ball pythons
  14 bats
  6 frilled lizards
  2 goblin zombies (Ossuary)
  A hobgoblin zombie (Ossuary)
  5 jackal zombies (Ossuary)
  11 kobolds
  4 kobold zombies (Ossuary)
  An orc zombie (Ossuary)
  A quokka skeleton (D:5)
  4 quokka zombies (Ossuary)
  8 rats
  4 rat zombies (Ossuary)
313 creatures vanquished.

Vanquished Creatures (others)
  13 fungi (D:8)
  21 plants
34 creatures vanquished.

Grand Total: 347 creatures vanquished

Notes
Turn   | Place    | Note
-------+----------+-------------------------------------------
     0 | D:1      | Notrik the Hill Orc Fighter began the quest for the Orb.
     0 | D:1      | Reached XP level 1. HP: 19/19 MP: 1/1
    91 | D:1      | Reached skill level 4 in Fighting
   123 | D:1      | Reached XP level 2. HP: 27/27 MP: 2/2
   516 | D:1      | Reached XP level 3. HP: 33/34 MP: 3/3
  1149 | D:2      | Reached skill level 5 in Fighting
  1149 | D:2      | Reached XP level 4. HP: 42/42 MP: 4/4
  1435 | D:2      | You fall into a shaft and drop 1 floor!
  1624 | D:2      | Reached XP level 5. HP: 35/50 MP: 5/5
  2171 | D:3      | Reached skill level 6 in Fighting
  2495 | D:3      | Noticed Robin
  2546 | D:3      | Killed Robin
  3009 | D:4      | Reached skill level 5 in Axes
  3009 | D:4      | Reached XP level 6. HP: 58/58 MP: 6/6
  3338 | D:4      | Reached skill level 7 in Fighting
  3798 | D:5      | Entered Level 5 of the Dungeon
  3948 | D:5      | Found a blossoming altar of Fedhas.
  3948 | D:5      | Found a basalt altar of Yredelemnul.
  3953 | D:5      | Found a faded altar of an unknown god.
  3955 | D:5      | Found a glowing golden altar of the Shining One.
  3956 | D:5      | Found a faded altar of an unknown god.
  4350 | D:5      | Found a glowing silver altar of Zin.
  4744 | D:6      | Found a sand-covered staircase.
  4746 | D:6      | Reached XP level 7. HP: 66/67 MP: 7/7
  4755 | D:6      | Reached skill level 8 in Fighting
  4757 | Ossuary  | Entered an ossuary
  5149 | Ossuary  | Reached skill level 9 in Fighting
  5349 | D:6      | Reached XP level 8. HP: 78/78 MP: 8/8
  5414 | D:5      | Became a worshipper of the Shining One
  5676 | D:6      | Reached skill level 10 in Fighting
  5880 | D:6      | Noticed Blork the orc
  5897 | D:6      | Killed Blork the orc
  6318 | D:6      | Noticed Eustachio
  6323 | D:6      | Killed Eustachio
  6323 | D:6      | Reached skill level 11 in Fighting
  6349 | D:6      | Reached * piety under the Shining One
  6442 | D:6      | Reached XP level 9. HP: 89/89 MP: 9/9
  6511 | D:6      | Found a shimmering altar of Xom.
  7075 | D:7      | Reached skill level 12 in Fighting
  7515 | D:7      | Found a shimmering altar of Xom.
  7521 | D:7      | Found a staircase to the Ecumenical Temple.
  8405 | D:8      | Reached skill level 10 in Axes
  8514 | D:8      | Reached skill level 13 in Fighting
  8588 | D:8      | Reached XP level 10. HP: 73/101 MP: 10/10
  8891 | D:8      | Found a staircase to the Lair.
  8901 | D:8      | Reached ** piety under the Shining One
  9357 | D:8      | Noticed a moth of wrath
  9360 | D:8      | Found a bloodstained altar of Trog.
  9686 | D:9      | Reached skill level 5 in Armour
  9899 | D:9      | Found an ornate altar of the Wu Jian Council.
  9951 | D:9      | Reached skill level 5 in Shields
 10400 | D:10     | Entered Level 10 of the Dungeon
 10447 | D:10     | Noticed a gargoyle
 10459 | D:10     | Killed a gargoyle
 10591 | D:10     | Noticed a two-headed ogre
 10604 | D:10     | Killed a two-headed ogre
 10604 | D:10     | Reached skill level 1 in Invocations
 10604 | D:10     | Reached XP level 11. HP: 37/108 MP: 10/12
 10941 | D:10     | Reached skill level 14 in Fighting
 11009 | D:10     | Found a stormy altar of Qazlal.
 11164 | D:11     | Found a staircase to the Orcish Mines.
 11168 | D:11     | Reached *** piety under the Shining One
 11204 | D:11     | Noticed Fannar
 11233 | D:11     | Found a flickering gateway to a bazaar.
 11245 | Bazaar   | Entered a bazaar
 11579 | Bazaar   | Found Liegan's Weapon Emporium.
 11580 | Bazaar   | Found Upewuk's Antique Weapon Shoppe.
 11585 | Bazaar   | Found Nuemefos's Weapon Emporium.
 11612 | Bazaar   | Found Adukhica's Gadget Emporium.
 11627 | Bazaar   | Found Kenuogif's Weapon Emporium.
 11661 | Bazaar   | Bought a +6 war axe of freezing for 421 gold pieces
 11691 | D:11     | Killed Fannar
 11985 | D:11     | Noticed an unseen horror
 12072 | D:11     | Noticed Nergalle
 12085 | D:11     | Killed Nergalle
 12152 | D:11     | Noticed an eight-headed hydra
 12574 | D:11     | Noticed a boulder beetle
 12623 | D:11     | Annihilated by a boulder beetle

Illustrated notes

Levels and vault maps discovered:
D:1:      evilmike_arrival_rings, layout_basic
D:2:      layout_basic
D:3:      layout_basic, dk_noncrumbling_3, minmay_cupped, uniq_robin
D:4:      layout_basic, st_stairs_14
D:5:      layout_loops_ring, zin_statuary, chequers_temple_overflow_minitemple,
          kennysheep_nondescript, serial_bayou_pond_a
D:6:      layout_loops_ring, lemuel_round_altar, gup_ossuary_entry_pyramid,
          uniq_eustachio, uniq_blork_the_orc
D:7:      layout_loops_corners, minmay_temple_entry_statues_pillars,
          basic_altar, hangedman_decor_diamond_cutter, minmay_microvault
D:8:      minmay_the_grid_square_5x5_3x3
          [minmay_the_grid_square_5x5_inverted_slash,
          minmay_the_grid_square_5x5_eight_small,
          minmay_the_grid_square_5x5_corner, minmay_the_grid_square_5x5_z,
          minmay_the_grid_square_5x5_megaprize_hollow,
          minmay_the_grid_square_5x5_inner_v,
          minmay_the_grid_square_5x5_doubleslash,
          minmay_the_grid_square_5x5_lines, minmay_the_grid_square_5x5_slash],
          layout_loops_ring, tgw_trog, grunt_lair_entry_orc_guard_hut
D:9:      layout_grid_maze, nicolae_overflow_hidden_temple
D:10:     layout_rooms, nicolae_qazlal_general_emergency
D:11:     layout_basic, david_orc_2, serial_shops, bzr_entry_gold, uniq_fannar,
          uniq_nergalle

Skill      XL: |  1  2  3  4  5  6  7  8  9 10 11 |
---------------+----------------------------------+-----
Fighting       | 4 5 6 7 9 11 13 14 | 14.2
Axes           | 3 4 5 7 8 10 11 12 | 12.2
Armour         | 6 |  6.9
Shields        | 6 |  6.9
Invocations    | 1 4 |  4.1

Action                   |  1- 3 |  4- 6 |  7- 9 | 10-12 || total
-------------------------+-------+-------+-------+-------++-------
Melee: War axe           |   106 |   300 |   343 |   265 ||  1014
  Use: Scroll            |       |     6 |     6 |     3 ||    15
       Potion            |       |       |     2 |     1 ||     3
Armor: Scale mail        |    59 |    95 |       |       ||   154
       Plate armour      |       |    42 |   180 |   174 ||   396
Dodge: Dodged            |    55 |   101 |    38 |    40 ||   234
Block: Kite shield       |    66 |   157 |   121 |   128 ||   472

Table legend: (Time is in decaauts)
 A = Elapsed time spent in this place.
 B = Non-inter-level travel time spent in this place.
 C = Inter-level travel time spent in this place.
 D = Time resting spent in this place.
 E = Time spent auto-exploring this place.
 F = Levels seen in this place.
 G = Mean time per level.
                   A        B        C        D        E       F      G
               +--------+--------+--------+--------+--------+-----+--------+
         Total |  12800 |  12084 |    716 |   1356 |   8452 |  13 |  984.6 |
       Dungeon |  11758 |  11042 |    716 |   1036 |   7975 |  11 | 1068.9 |
        Bazaar |    424 |    424 |      0 |    319 |     58 |   1 |  424.0 |
       Ossuary |    617 |    617 |      0 |      0 |    419 |   1 |  617.0 |
               +--------+--------+--------+--------+--------+-----+--------+

Top non-repeatable levels by time:
     D:6: 1545 daAuts
     D:7: 1389 daAuts
     D:8: 1254 daAuts
     D:1: 1181 daAuts
     D:5: 1070 daAuts
    D:10: 1069 daAuts
     D:2: 967 daAuts
     D:4: 911 daAuts
     D:3: 877 daAuts
     D:9: 785 daAuts
    D:11: 705 daAuts
 Ossuary: 617 daAuts
  Bazaar: 424 daAuts
